 Dungeon Crawl Stone Soup version 0.29-a0-823-gc37b1572da (webtiles) character file.

Game seed: 1009985492426072286

1366 gruber the Martial Artist (level 8, -1/54 HPs)
             Began as a Merfolk Transmuter on July 8, 2022.
             Slain by an ogre
             ... wielding a +0 giant club
              (31 damage)
             ... on level 5 of the Dungeon.
             The game lasted 00:07:32 (7234 turns).

gruber the Martial Artist (Merfolk Transmuter)      Turns: 7234, Time: 00:07:33

Health: -1/54      AC:  5    Str: 11    XL:     8   Next: 65%
Magic:  19/20      EV: 19    Int: 14    God:
Gold:   98         SH:  0    Dex: 14    Spells: 7/11 levels left

rFire   . . .      SeeInvis .   w - +7 dagger "Amadgh" {holy, rC+}
rCold   + . .      Faith    .   (no shield)
rNeg    . . .      Spirit   .   a - +0 robe
rPois   .          Reflect  .   (helmet currently unavailable)
rElec   .          Harm     .   v - +2 cloak
rCorr   .          Rampage  .   (no gloves)
Will    .....                   (boots currently unavailable)
Stlth   +.........              x - amulet of regeneration
HPRegen 0.98/turn               f - ring of magical power
MPRegen 0.17/turn               A - +4 ring of evasion

@: appendages
A: horns 2, (nimble swimmer 2), mertail
a: End Transformation


You were on level 5 of the Dungeon.
You had temporarily grown beastly horns.
You visited 1 branch of the dungeon, and saw 5 of its levels.

You collected 252 gold pieces.
You spent 154 gold pieces at shops.

Inventory:

Hand Weapons
 w - the +7 dagger "Amadgh" (weapon) {holy, rC+}
   (You bought it in a shop on level 4 of the Dungeon)

   It has been blessed by the Shining One to cause great damage to the undead
   and demons.
   rC:        It protects you from cold.
Armour
 a - a +0 robe (worn)
 e - a +2 pair of boots (melded)
 n - a scarf of invisibility
 s - a +0 helmet (melded)
 v - a +2 cloak (worn)
Jewellery
 f - a ring of magical power (left hand)
 l - a ring of flight
 t - a ring of resist corrosion
 x - an amulet of regeneration (around neck)
 A - a +4 ring of evasion (right hand)
Wands
 r - a wand of roots (16)
Scrolls
 c - 3 scrolls of teleportation {unknown}
 i - a scroll of magic mapping {unknown}
 j - a scroll of poison {unknown}
 k - 4 scrolls of torment {unknown}
 m - 4 scrolls of identify {unknown}
 o - 2 scrolls of amnesia {unknown}
 q - a scroll of fear {unknown}
 u - 3 scrolls of immolation {unknown}
 y - 3 scrolls of summoning {unknown}
Potions
 b - 2 potions of lignification
 d - a potion of haste {unknown}
 g - a potion of curing {unknown}
 h - a potion of berserk rage {unknown}
 p - a potion of ambrosia {unknown}
 z - a potion of brilliance {unknown}
 B - 2 potions of might {unknown}


   Skills:
 - Level 1.1 Fighting
 - Level 5.5 Short Blades
 * Level 7.4 Dodging
 - Level 8.2 Unarmed Combat
 - Level 2.0 Spellcasting
 - Level 4.0 Transmutations
 - Level 1.2 Poison Magic


You had 7 spell levels left.
You knew the following spells:

 Your Spells              Type           Power      Damage    Failure   Level
a - Beastly Appendage     Tmut           24%        N/A       4%          1
b - Spider Form           Tmut/Pois      8%         N/A       24%         3

Your spell library contained the following spells:

 Spells                   Type           Power      Damage    Failure   Level
 Wereblood                Tmut           12%        N/A       7%          2
 Apportation              Tloc           2%         N/A       24%         1
 Necrotise                Necr           4%         1d4       24%         1
 Teleport Other           Tloc           1%         N/A       56%         3
 Vampiric Draining        Necr           1%         2d6       56%         3
 Ice Form                 Ice/Tmut       7%         N/A       71%         4
 Agony                    Necr           1%         N/A       100%        5
 Summon Forest            Summ/Tloc      0%         N/A       100%        5


Dungeon Overview and Level Annotations

Branches:
Dungeon (5/15)
 Temple: D:4-7

Altars:
Elyvilon
Nemelex Xobeh
Qazlal

Shops:
D:4 (


Innate Abilities, Weirdness & Mutations

You have temporarily grown beastly horns.
((You are very nimble when in or above water. (Stealth+, EV+, Speed+++)))
Your lower body shifts to a powerful aquatic tail in water.


Message History

You hit the phantom.
The phantom convulses.
The phantom is lightly damaged.
The phantom misses you.
You closely miss the phantom.
The phantom is lightly damaged.
The phantom barely misses you.
You puncture the phantom!
The phantom convulses.
The phantom is severely damaged.
You hit the phantom.
The phantom convulses.
You punch the phantom.
The phantom is almost destroyed.
The phantom misses you.
You hit the phantom.
You destroy the phantom!
Your Dodging skill increases to level 7!
No target in view!
There is an open door here.
You open the door.
There is an open door here.
As you open the door, it creaks loudly!
There is an open door here.
y - 2 scrolls labelled WOSHRY LECLUAB (gained 1)
There is an open door here.
You open the door.
There is an open door here.
y - 3 scrolls labelled WOSHRY LECLUAB (gained 1)
You open the door.
There is an open door here.
An ogre comes into view. It is wielding a +0 giant club.
The ogre shouts!
An ogre is nearby!
You grow a pair of large bovine horns.
Your +0 helmet melds into your body.
Your +2 pair of boots melds into your body.
The ogre hits you with a +0 giant club!!
You puncture the ogre!
The ogre is moderately wounded.
You barely miss the ogre. You headbutt the ogre!
The ogre is heavily wounded.
The ogre hits you with a +0 giant club!!
Ouch! That really hurt!
You die...

###'### # #....# #......#
# #....# #......# #
#....# #......+ # #...##
#......# ###'# #......#
#...# #......# #...#
#......###### #...#
#...O@......# #...#
#######.....# #...#
#.....#.....## #...#
+.....'........
#...########....#........
#...##....##....######...
#..........'.........# ..
#..........#.........# .
#.........##....##...##


You could see an ogre.

Vanquished Creatures
  3 ogres
  2 sky beasts
  2 phantoms (D:5)
  2 necrophages
  A scorpion (D:4)
  A bullfrog (D:4)
  A gnoll bouda (D:4)
  A hound (D:4)
  Crazy Yiuf (D:3)
  2 orc priests
  An orc wizard (D:5)
  Jessica (D:3)
  2 iguanas (D:5)
  Terence (D:1)
  Robin (D:3)
  7 gnolls
  4 adders
  An ufetubus (D:5)
  A worm (D:3)
  6 dart slugs
  13 orcs
  3 endoplasms
  8 giant cockroaches
  12 goblins
  7 hobgoblins
  5 jackals
  8 kobolds
  4 quokkas
  3 ball pythons
  5 bats
  2 frilled lizards
  11 rats
122 creatures vanquished.

Notes
Turn   | Place    | Note
-------+----------+-------------------------------------------
     0 | D:1      | gruber the Merfolk Transmuter began the quest for the Orb.
     0 | D:1      | Reached XP level 1. HP: 15/15 MP: 3/3
   207 | D:1      | Reached XP level 2. HP: 18/21 MP: 3/5
   317 | D:1      | Reached skill level 4 in Unarmed Combat
   993 | D:1      | Reached XP level 3. HP: 14/26 MP: 6/6
  1906 | D:2      | Noticed Terence
  1913 | D:2      | Learned a level 3 spell: Spider Form
  1936 | D:1      | Reached skill level 5 in Unarmed Combat
  2785 | D:1      | Killed Terence
  2786 | D:1      | Reached XP level 4. HP: 21/32 MP: 7/7
  3417 | D:2      | Reached XP level 5. HP: 20/37 MP: 8/8
  3721 | D:3      | Found a stormy altar of Qazlal.
  4036 | D:3      | Reached skill level 1 in Poison Magic
  4275 | D:3      | Noticed Robin
  4453 | D:3      | Killed Robin
  4656 | D:3      | Noticed Jessica
  4665 | D:3      | Killed Jessica
  4666 | D:3      | Reached skill level 6 in Unarmed Combat
  4895 | D:3      | Found a runed translucent door.
  4896 | D:3      | Noticed Crazy Yiuf
  5108 | D:3      | Killed Crazy Yiuf
  5109 | D:3      | Reached XP level 6. HP: 16/43 MP: 9/9
  5341 | D:4      | Found Ecraybeu's Antique Weapon Shoppe.
  5358 | D:4      | Reached skill level 7 in Unarmed Combat
  5489 | D:4      | Noticed a sky beast
  5577 | D:4      | Killed a sky beast
  5840 | D:4      | Bought a crude dagger for 154 gold pieces
  5840 | D:4      | Identified the +7 dagger "Amadgh" {holy, rC+} (You bought
                  | it in a shop on level 4 of the Dungeon)
  5902 | D:4      | Reached skill level 8 in Unarmed Combat
  5902 | D:4      | Reached XP level 7. HP: 19/48 MP: 10/10
  6217 | D:4      | Reached skill level 1 in Short Blades
  6437 | D:4      | Found a sparkling altar of Nemelex Xobeh.
  6508 | D:4      | Found a white marble altar of Elyvilon.
  6740 | D:5      | Entered Level 5 of the Dungeon
  6759 | D:5      | Got the Catalogue of the Excursion
  6899 | D:5      | Reached skill level 5 in Short Blades
  6899 | D:5      | Reached XP level 8. HP: 54/54 MP: 11/11
  7028 | D:5      | Reached skill level 5 in Dodging
  7234 | D:5      | Slain by an ogre

Illustrated notes

Levels and vault maps discovered:
D:1:      onia_arrival_handbag, layout_basic, minmay_misc_feat_chi,
          chequers_serial_rivers_small_3, minmay_splitting_lines
D:2:      layout_loops_ring, uniq_terence
D:3:      layout_loops_ring, nicolae_qazlal_scattered_showers,
          uniq_crazy_yiuf_cottage, uniq_robin, uniq_jessica
D:4:      layout_basic, nemelex_diamond_rough_becter,
          nicolae_overflow_hidden_temple, serial_shops, shop, kennysheep_diamond
D:5:      layout_gridville, vehumet_crystals, hangedman_decor_riveting,
          nrook_mini_vaults, kennysheep_generic_room_9

Skill      XL: |  1  2  3  4  5  6  7  8 |
---------------+-------------------------+-----
Unarmed Combat | 4 5 6 8 |  8.2
Transmutations | 4 |  4.0
Poison Magic   | 1 |  1.2
Short Blades   | 5 |  5.5
Dodging        | 7 |  7.4
Fighting       | |  1.1
Spellcasting   | |  2.0

Action                   |  1- 3 |  4- 6 |  7- 9 || total
-------------------------+-------+-------+-------++-------
Melee: Unarmed           |    99 |   140 |    18 ||   257
       Headbutt          |    11 |     6 |     9 ||    26
       Punch             |     2 |     1 |     4 ||     7
       Dagger            |       |     8 |   129 ||   137
       Tailslap          |       |       |     1 ||     1
 Cast: Beastly Appendage |    18 |     9 |     8 ||    35
       Spider Form       |     2 |     8 |     2 ||    12
 Stab: Sleeping          |     1 |     3 |       ||     4
Armor: Robe              |    26 |    17 |    32 ||    75
Dodge: Dodged            |    86 |    84 |   105 ||   275

Table legend: (Time is in decaauts)
 A = Elapsed time spent in this place.
 B = Non-inter-level travel time spent in this place.
 C = Inter-level travel time spent in this place.
 D = Time resting spent in this place.
 E = Time spent auto-exploring this place.
 F = Levels seen in this place.
 G = Mean time per level.
                   A        B        C        D        E       F      G
               +--------+--------+--------+--------+--------+-----+--------+
         Total |   7149 |   6961 |    188 |    713 |   5155 |   5 | 1429.8 |
       Dungeon |   7149 |   6961 |    188 |    713 |   5155 |   5 | 1429.8 |
               +--------+--------+--------+--------+--------+-----+--------+

Top non-repeatable levels by time:
     D:1: 2836 daAuts
     D:3: 1609 daAuts
     D:4: 1380 daAuts
     D:2: 850 daAuts
     D:5: 473 daAuts
